AoeStats
← Orange_Samo

Arena

508228398Analyzed
4v4 RM · 12d ago on Sep 21, 2026· 50m 49s· 8 players
Game mode
Random Map
Map size
Large (8 player)
Population
200
Speed
Normal
Resources
Standard
Victory
Conquest
Starting age
Dark Age
Ending age
Imperial Age
RankedLock teamsTeams togetherTeam positionsShared explorationLock speedFull tech treeHidden civsTurbo modeCheats
Victory
Defeat
🇮🇳 Celts · India
897
+15
🇮🇳 Persians · India
873
+16
🇺🇸 Britons · United States
834
+18
🇨🇳 Mongols · China
800
+18
🇩🇪 Wei · Germany
885
-17
🇨🇳 Mongols · China
880
-17
🇹🇷 Saracens · Türkiye
874
-17
🇿🇦 Khmer · South Africa
842
-16
Orange_Samo
8:03 Loom
9:56 Feudal Age
11:33 Double-Bit Axe
12:35 Horse Collar
17:26 Castle Age
16:35 Stone Mining
16:41 Gold Mining
19:17 Scale Barding Armor
19:52 Bow Saw
22:22 Wheelbarrow
22:19 Heavy Plow
25:58 Hand Cart
29:07 Forging
34:35 Imperial Age
37:04 Chain Barding Armor
37:19 Iron Casting
36:35 Fletching
sonsehzadee
0:28 Loom
2:33 Loom
11:09 Feudal Age
17:16 Castle Age
16:01 Double-Bit Axe
15:59 Horse Collar
19:18 Loom
20:34 Caravan
22:11 Wheelbarrow
23:42 Heavy Plow
25:22 Gold Mining
25:25 Stone Mining
25:59 Bow Saw
27:30 Gold Shaft Mining
37:03 Imperial Age
34:53 Hand Cart
36:25 Husbandry
36:35 Bloodlines
37:12 Heavy Camel Rider
38:59 Pikeman
39:39 Squires
39:25 Gambesons
39:26 Arson
40:01 Thumb Ring
39:20 Elite Skirmisher
HHH2323
2:28 Loom
12:06 Feudal Age
16:46 Castle Age
15:33 Double-Bit Axe
16:41 Stone Mining
19:35 Stone Shaft Mining
22:51 Horse Collar
23:56 Bow Saw
33:50 Imperial Age
34:08 Man-at-Arms
34:34 Arson
37:30 Elite Ballista Elephant
38:44 Heavy Plow
39:23 Double Crossbow
38:58 Light Cavalry
41:33 Bloodlines
40:44 Hussar
44:19 Tusk Swords
44:29 Husbandry
43:51 Elite Battle Elephant
44:19 Pikeman
45:34 Halberdier
49:00 Onager
908029158
10:20 Feudal Age
16:43 Castle Age
15:02 Double-Bit Axe
15:22 Horse Collar
16:06 Stone Mining
17:28 Loom
19:13 Stone Shaft Mining
23:27 Wheelbarrow
22:38 Town Watch
22:46 Gold Mining
23:25 Bow Saw
24:21 Heavy Plow
25:30 Squires
29:57 Imperial Age
27:51 Fletching
28:01 Padded Archer Armor
28:49 Ballistics
28:26 Murder Holes
28:42 Fortified Wall
29:55 Hand Cart
30:14 Forging
30:10 Scale Barding Armor
30:01 Bodkin Arrow
31:13 Bloodlines
31:04 Husbandry
31:24 Leather Archer Armor
32:25 Siege Engineers
34:02 Gold Shaft Mining
35:44 Bracer
36:21 Conscription
36:13 Elite Mangudai
41:21 Iron Casting
41:07 Chain Barding Armor
41:49 Chemistry
41:00 Masonry
40:59 Town Patrol
41:55 Nomads
42:31 Hoardings
42:16 Pikeman
42:41 Arson
44:44 Blast Furnace
43:45 Scale Mail Armor
43:50 Heavy Camel Rider
45:48 Hoardings
47:47 Chain Mail Armor
玛尔斯
8:21 Loom
11:36 Feudal Age
13:13 Double-Bit Axe
13:49 Horse Collar
18:37 Castle Age
16:48 Stone Mining
20:33 Wheelbarrow
20:22 Heavy Plow
24:45 Bow Saw
24:53 Gold Mining
29:09 Hand Cart
31:54 Imperial Age
29:45 Bloodlines
29:42 Husbandry
31:04 Scale Barding Armor
31:34 Forging
31:54 Crossbowman
32:38 Kamandaran
34:18 Iron Casting
34:13 Elite War Elephant
36:43 Fletching
37:01 Thumb Ring
38:00 Blast Furnace
39:05 Bodkin Arrow
40:24 Conscription
41:10 Gold Shaft Mining
41:13 Stone Shaft Mining
41:48 Chemistry
41:27 Chain Barding Armor
42:37 Padded Archer Armor
43:12 Plate Barding Armor
45:57 Ballistics
小闪酱
0:46 Loom
11:01 Feudal Age
11:23 Horse Collar
11:28 Double-Bit Axe
19:05 Castle Age
18:51 Gold Mining
18:51 Stone Mining
26:54 Husbandry
27:46 Bloodlines
34:18 Imperial Age
34:18 Forging
34:13 Scale Barding Armor
36:10 Elite Steppe Lancer
39:20 Fletching
47:03 Conscription
49:14 Caravan
50:21 Iron Casting
50:06 Chain Barding Armor
kevinfz101006xr
9:57 Feudal Age
14:59 Castle Age
23:31 Double-Bit Axe
23:29 Horse Collar
26:03 Wheelbarrow
25:37 Heavy Plow
25:55 Fletching
26:06 Padded Archer Armor
28:39 Bow Saw
28:36 Bodkin Arrow
28:57 Leather Archer Armor
29:58 Hand Cart
30:33 Squires
30:18 Gambesons
30:19 Arson
30:00 Pikeman
32:21 Yeomen
34:37 Imperial Age
33:11 Scale Mail Armor
35:08 Chain Mail Armor
36:49 Chemistry
36:10 Ballistics
35:56 Siege Engineers
37:09 Conscription
37:21 Halberdier
38:37 Ring Archer Armor
38:07 Bracer
39:24 Elite Longbowman
42:38 Plate Mail Armor
45:06 Warwolf
dushyanthkuthati
0:50 Loom
12:54 Feudal Age
14:20 Wheelbarrow
13:26 Horse Collar
13:33 Double-Bit Axe
13:41 Gold Mining
20:47 Castle Age
21:49 Hand Cart
21:49 Bow Saw
22:23 Gold Shaft Mining
31:15 Heavy Plow
39:46 Imperial Age
37:11 Town Watch
39:17 Town Patrol
40:32 Ballistics
40:09 Heavy Scorpion
41:05 Furor Celtica
41:58 Chemistry
42:00 Siege Engineers
42:08 Capped Ram
43:40 Caravan
43:09 Siege Ram
Connection lost

Rejoining the realm…

Still unreachable

The connection could not be restored.

Session expired

The server has moved on; the page needs a fresh start.